 Dungeon Crawl Stone Soup version 0.25-a0-306-g3faca94807 (webtiles) character file.

Game seed: 14231478935113640144, levelgen mode: deterministic

235 Holzbalken the Cudgeler (level 6, 0/37 HPs)
             Began as a Gargoyle Fighter on Dec 21, 2019.
             Killed from afar by an orc wizard (9 damage)
             ... with a puff of frost
             ... on level 4 of the Dungeon.
             The game lasted 00:08:05 (2093 turns).

Holzbalken the Cudgeler (Gargoyle Fighter)          Turns: 2093, Time: 00:08:06

Health: 0/37       AC: 11    Str: 22    XL:     6   Next: 6%
Magic:  6/6        EV:  7    Int:  8    God:
Gold:   110        SH:  9    Dex:  9    Spells: 5/5 levels left

rFire    . . .     SeeInvis .   q - +0 hand axe (chop)
rCold    . . .     Gourm    .   c - +0 shield
rNeg     + . .     Faith    .   b - +0 scale mail
rPois    ∞         Spirit   .   (no helmet)
rElec    +         Reflect  .   (no cloak)
rCorr    .         Harm     .   (no gloves)
MR       .....                  (no boots)
Stlth    ..........             (no amulet)
HPRegen  0.12/turn              (no ring)
MPRegen  0.10/turn              (no ring)

@: no status effects
A: negative energy resistance 1, electricity resistance, unbreathing,
petrification resistance, rot immunity, AC +4
a: no special abilities


You were on level 4 of the Dungeon.
You were not hungry.

You visited 1 branch of the dungeon, and saw 4 of its levels.

You collected 110 gold pieces.

Inventory:

Hand Weapons
 a - a +0 flail
 p - a +1 antimagic whip
   (You found it on level 1 of the Dungeon)
 q - a +0 hand axe of chopping (weapon)
   (You took it off an orc on level 2 of the Dungeon)
Missiles
 u - a boomerang of dispersal (quivered) {!f}
Armour
 b - a +0 scale mail (worn)
 c - a +0 shield (worn)
 r - a +0 chain mail
   (You took it off an orc on level 2 of the Dungeon)
 x - a +2 ring mail of poison resistance
   (You found it on level 3 of the Dungeon)
Scrolls
 h - 2 scrolls of teleportation {@r4}
 i - a scroll of immolation {unknown}
 k - a scroll of random uselessness {unknown}
 l - a scroll of identify {@r1}
 m - a scroll of amnesia
 o - 2 scrolls of enchant armour {unknown}
Potions
 d - a potion of might
 f - a potion of haste {@q3}
 g - 2 potions of mutation {!q}
 j - 3 potions of heal wounds {@q2}
 s - a potion of flight
 t - 4 potions of curing {@q1}
 w - a potion of resistance
Comestibles
 e - 8 rations {!d}
 v - 10 chunks of flesh


   Skills:
 - Level 3.2 Fighting
 + Level 3.6(4.5) Axes
 - Level 4.4(5.1) Maces & Flails
 - Level 3.2 Armour
 - Level 3.2 Shields


You had 5 spell levels left.
You didn't know any spells.
Your spell library was empty.

Dungeon Overview and Level Annotations

Branches:
Dungeon (4/15)
 Temple: D:4-7

Altars:
Okawaru


Innate Abilities, Weirdness & Mutations

You are resistant to torment.
Your stone body is resilient. (AC +4)
You are immune to poison.
You resist negative energy. (rN+)
You are resistant to electric shocks. (rElec)
You can survive without breathing.
You are immune to petrification.
You are immune to rotting.


Message History

v - 7 chunks of flesh (gained 2)
Items here: ÷÷ †† a jackal skeleton x2; a jackal corpse x2
You butcher the jackal corpse.
v - 9 chunks of flesh (gained 2)
Items here: ÷÷÷ † a jackal skeleton x3; a jackal corpse You butcher the jackal corpse.
v - 12 chunks of flesh (gained 3)
Items here: ÷÷÷÷ a jackal skeleton x4
You start resting.
Some of the chunks of flesh in your inventory have rotted away.
A quokka comes into view.
An orc priest comes into view. It is wielding a +0 club.
The orc priest shouts!
You hear a shout! x2
An orc comes into view. It is wielding a +0 flail.
The orc priest closely misses you.
You barely miss the orc priest. You block the orc priest's attack.
You hit the orc priest.
An orc wizard comes into view. It is wielding a +0 dagger.
The orc priest invokes the aid of Beogh against you.
Beogh smites you!
* * * LOW HITPOINT WARNING * * *
The orc wizard shouts!
You hear a shout!
You hit the orc priest. You hit the quokka.
You kill the quokka!
An orc comes into view. It is wielding a +0 hand axe.
The orc priest completely misses you.
You closely miss the orc priest. You block the orc priest's attack.
You hit the orc priest.
You kill the orc priest!
You have reached level 6!
Your experience leads to an increase in your attributes!
Increase (S)trength, (I)ntelligence, or (D)exterity?
You feel stronger.
The orc wizard hits you but does no damage.
You see here a +0 club.
You slash the orc wizard!
You hear a shout!
The orc wizard hits you but does no damage.
An orc comes into view.
You barely miss the orc wizard. The orc wizard barely misses you.
You miss the orc wizard.
The orc wizard mumbles some strange words.
The orc wizard seems to speed up.
You closely miss the orc wizard.
The orc wizard points at you and mumbles some strange words.
The puff of frost hits you!
You die...

*,* *,**,** #.# *,*******
*,* *,**,,*###.# *<* * **,*
*,,,,,,,...##* *,* * ,,,**
*,,,,,,,,...,* *,* * *,,,**
*****,***#r#,***,*** *
*,**,* *,* #÷#,,,,,,,* *
,,,,,* #,* #.#****,*,* *
*,*,,****#####.####.# *,*,*
* *,*,**,,,.....oo@.†.#
*,*,* *
,,,,,,,**#####.######**
*,*,***** ***,****
#,,,,,,,,* *,,,,,,,, *,*
*,**,*,*,*****,***** *,*
*,*,***,,,,,**,*
*,**********,**,*,*,**,**,*
*,,,,,,,,,,,,**,,**,**,**,*
************,**,,**,**,**,*
*,**,,**,**,**,*****


You could see an orc wizard and an orc.

Vanquished Creatures
  A bullfrog skeleton (D:4)
  An orc priest (D:4)
  An orc wizard (D:2)
  2 adders
  A shadow imp (D:3)
  2 oozes (D:1)
  3 worms
  2 dart slugs
  3 leopard geckos
  11 orcs
  4 giant cockroaches
  8 goblins
  7 hobgoblins
  11 jackals
  A quokka (D:4)
  A ball python (D:3)
  8 bats
  10 frilled lizards
  7 kobolds
  5 rats
89 creatures vanquished.

Notes
Turn   | Place    | Note
-------+----------+-------------------------------------------
     0 | D:1      | Holzbalken the Gargoyle Fighter began the quest for the
                  | Orb.
     0 | D:1      | Reached XP level 1. HP: 14/14 MP: 1/1
    18 | D:1      | Reached XP level 2. HP: 17/19 MP: 2/2
    90 | D:1      | Reached skill level 3 in Maces & Flails
   341 | D:1      | Reached XP level 3. HP: 23/23 MP: 3/3
   698 | D:2      | Reached skill level 4 in Maces & Flails
   698 | D:2      | Reached XP level 4. HP: 17/28 MP: 1/4
   810 | D:2      | Found an iron altar of Okawaru.
  1085 | D:2      | Reached skill level 1 in Axes
  1403 | D:3      | Reached XP level 5. HP: 32/32 MP: 5/5
  2088 | D:4      | Reached XP level 6. HP: 8/37 MP: 6/6
  2093 | D:4      | Killed from afar by an orc wizard

Levels and vault maps discovered:
D:1:      sevenhm_arrival_forest_fort_small_4, layout_loops_ring
D:2:      minmay_evil_eye, layout_loops_cross, corexii_corridor_pit,
          okawaru_ov_weapons_minmay
D:3:      layout_basic
D:4:      layout_loops_ring

Skill      XL: |  1  2  3  4  5 |
---------------+----------------+-----
Maces & Flails | 3 4 |  4.4
Axes           | 1 3 |  3.6
Fighting       | |  3.2
Armour         | |  3.2
Shields        | |  3.2

Action                   |  1- 3 |  4- 6 || total
-------------------------+-------+-------++-------
Melee: Flail             |    50 |       ||    50
       Whip              |    20 |    29 ||    49
       Hand axe          |       |   180 ||   180
Throw: Boomerang         |       |     1 ||     1
  Use: Scroll            |       |    10 ||    10
  Eat: Chunk             |       |     4 ||     4
Armor: Scale mail        |    21 |   102 ||   123
Dodge: Dodged            |    20 |    71 ||    91
Block: Shield            |    24 |    91 ||   115

Table legend:
 A = Non-vault XP
 B = Vault XP
 C = Vault XP percentage of total XP
 D = Non-vault monster count
 E = Vault monster count
 F = Vault count percentage of total count
                 A         B        C        D         E       F
            +---------+---------+-------+---------+---------+-------
      Total |     328 |       9 |   2.7 |      84 |       5 |   5.6
            +---------+---------+-------+---------+---------+-------
        D:1 |      36 |       0 |   0.0 |      18 |       0 |   0.0
        D:2 |     115 |       9 |   7.3 |      32 |       5 |  13.5
        D:3 |      83 |       0 |   0.0 |      27 |       0 |   0.0
        D:4 |      94 |       0 |   0.0 |       7 |       0 |   0.0
            +---------+---------+-------+---------+---------+-------
